 Dungeon Crawl Stone Soup version 0.31-a0-198-g2ad674f65e (webtiles) character file.

Game seed: 11083095233335709324

168 qw the Skirmisher (level 5, -19/29 HPs)
             Began as a Deep Elf Hunter on June 25, 2023.
             Demolished by an ogre
             ... wielding a +0 giant club
              (28 damage)
             ... on level 4 of the Dungeon.
             The game lasted 00:01:01 (2247 turns).

qw the Skirmisher (Deep Elf Hunter)                 Turns: 2247, Time: 00:01:01

Health: -19/29     AC:  6    Str: 10    XL:     5   Next: 24%
Magic:  7/7        EV: 12    Int: 14    God:
Gold:   135        SH:  0    Dex: 24    Spells: 4/4 levels left

rFire   . . .        Y - +0 shortbow
rCold   . . .        (shield currently unavailable)
rNeg    . . .        q - +0 ring mail
rPois   .            g - +2 helmet
rElec   .            (no cloak)
rCorr   .            (no gloves)
SInv    .            j - +0 pair of boots
Will    .....        (no amulet)
Stlth   ++           h - +6 ring of dexterity
HPRegen 0.24/turn    (no ring)
MPRegen 0.10/turn

%: no passive effects
@: no status effects
A: deformed body
a: no special abilities


You were on level 4 of the Dungeon.
You visited 1 branch of the dungeon, and saw 4 of its levels.

You collected 135 gold pieces.


Innate Abilities, Weirdness & Mutations

Armour fits poorly on your strangely shaped body.


   Skills:
 - Level 1.5 Fighting
 + Level 8.3 Ranged Weapons
 - Level 3.3 Dodging
 - Level 1.2 Stealth


You had 4 spell levels left.
You didn't know any spells.
Your spell library was empty.

Inventory:

Hand Weapons
 Y - a +0 shortbow (weapon)
Armour
 g - a +2 helmet (worn)
 i - a +0 robe of fire resistance
 j - a +0 pair of boots (worn)
 q - a +0 ring mail (worn)
Jewellery
 h - a +6 ring of dexterity (left hand)
Scrolls
 a - a scroll of identify
 b - a scroll of noise {unknown}
Potions
 d - a potion of heal wounds {unknown}
 e - 2 potions of mutation
 f - a potion of curing
 k - a potion of cancellation {unknown}
 l - a potion of haste
 n - a potion of magic {unknown}

Dungeon Overview and Level Annotations

Branches:
Dungeon (4/15)
 Temple: D:4-7

Altars:

Shops:
D:2 ?


Message History

You shoot an arrow. The endoplasm quivers.
The arrow hits the endoplasm.
The endoplasm is lightly wounded.
You shoot an arrow. The arrow hits the endoplasm!
You kill the endoplasm!
You start resting.
HP restored.
An ogre comes into view. It is wielding a +0 giant club.
Enter note:
Enter note: You shoot an arrow.
The arrow hits the ogre!
The ogre is moderately wounded.
You hear a shout!
You shoot an arrow. The arrow hits the ogre!
The ogre is severely wounded.
You shoot an arrow. The arrow barely misses the ogre.
Enter note:
Enter note: You shoot an arrow.
The arrow hits the ogre.
The ogre is severely wounded.
You shoot an arrow. The arrow hits the ogre.
The ogre is severely wounded.
You shoot an arrow.
The arrow hits the ogre but does no damage.
The ogre is severely wounded.
The ogre barely misses you.
You shoot an arrow. The arrow hits the ogre.
The ogre is almost dead.
The ogre hits you with a +0 giant club!
Ouch! That really hurt!
You shoot an arrow.
The arrow hits the ogre but does no damage.
The ogre is almost dead.
The ogre hits you with a +0 giant club.
You shoot an arrow. The arrow hits the ogre.
The ogre is almost dead.
The ogre hits you with a +0 giant club!!
Ouch! That really hurt!
You die...

#...........#.
##............##
#..............##
#...............##
#...............#
#..............# ###
#.............#
##.###
#.##..........#
.....###.###....@$..#
.......#.# ###..O..##
...).....# ##...##
.........# ##.##
..........# ..#
...).....## ..#
........## ...
......#.# .#..
......).#


You could see an ogre.

Vanquished Creatures
  2 orc priests (D:4)
  Jessica (D:3)
  3 adders
  A worm (D:2)
  A dart slug (D:1)
  7 orcs
  4 endoplasms
  A giant cockroach (D:3)
  6 goblins
  4 hobgoblins
  3 quokkas
  4 ball pythons
  5 bats
  2 frilled lizards (D:3)
  4 kobolds
48 creatures vanquished.

Notes
Turn   | Place    | Note
-------+----------+-------------------------------------------
     0 | D:1      | qw the Deep Elf Hunter began the quest for the Orb.
     0 | D:1      | Reached XP level 1. HP: 12/12 MP: 3/3
     0 | D:1      | 0 ||| qw: Version: 0.3-a-22-g0ed2b0b
     0 | D:1      | 0 ||| qw: Game counter: 5382
     0 | D:1      | 0 ||| qw: Melee chars always use a shield: true
     0 | D:1      | 0 ||| qw: God list: Okawaru
     0 | D:1      | 0 ||| qw: Allow faded altars: false
     0 | D:1      | 0 ||| qw: Do Orc after clearing Dungeon:15 true
     0 | D:1      | 0 ||| qw: Do second Lair branch before Depths: true
     0 | D:1      | 0 ||| qw: Lair rune preference: random
     0 | D:1      | 0 ||| qw: Goals: Normal
     0 | D:1      | 0 ||| PLANNING D:1-11
   144 | D:1      | Noticed a great orb of eyes
   147 | D:1      | Found a faded altar of an unknown god.
   150 | D:1      | Noticed a great orb of eyes
   150 | D:1      | Noticed a shining eye
   150 | D:1      | Noticed a floating eye
   406 | D:1      | Reached skill level 6 in Ranged Weapons
   406 | D:1      | Reached XP level 2. HP: 16/16 MP: 4/4
   567 | D:1      | 567 ||| UPGRADING to +0 helmet.
   572 | D:1      | 572 ||| UPGRADING to +2 helmet.
   582 | D:1      | 582 ||| DROPPING +0 helmet.
   583 | D:1      | 583 ||| UPGRADING to +6 ring of dexterity.
   584 | D:1      | 584 ||| READING scroll labelled CEKAYV DAJADAA.
   585 | D:1      | 585 ||| READING scroll labelled GUSOMA NIKLA.
   586 | D:1      | 586 ||| DRINKING 2 puce potions.
   587 | D:1      | 587 ||| DROPPING scroll of butterflies.
   588 | D:1      | 588 ||| DROPPING potion of attraction.
   590 | D:1      | 590 ||| Stepping ~*~*~tactically~*~*~ (cloud).
   594 | D:1      | HP: 4/16 [poisoned by you (poison gas)]
   598 | D:1      | HP: 1/16 [poisoned by you (poison gas)]
  1027 | D:2      | Found Camaof's Magic Scroll Emporium.
  1032 | D:2      | 1032 ||| SHOPLISTING 3 scrolls of enchant weapon (315 gold,
                  | have 41).
  1032 | D:2      | 1032 ||| SHOPLISTING scroll of enchant armour (105 gold,
                  | have 41).
  1032 | D:2      | 1032 ||| SHOPLISTING scroll of teleportation (42 gold, have
                  | 41).
  1098 | D:2      | Reached XP level 3. HP: 20/20 MP: 5/5
  1317 | D:2      | 1317 ||| FLEEEEING.
  1318 | D:2      | 1318 ||| FLEEEEING.
  1319 | D:2      | 1319 ||| FLEEEEING.
  1320 | D:2      | 1320 ||| FLEEEEING.
  1321 | D:2      | 1321 ||| FLEEEEING.
  1322 | D:2      | 1322 ||| FLEEEEING.
  1323 | D:2      | 1323 ||| FLEEEEING.
  1324 | D:2      | 1324 ||| FLEEEEING.
  1325 | D:2      | 1325 ||| FLEEEEING.
  1342 | D:2      | 1342 ||| FLEEEEING.
  1487 | D:2      | 1487 ||| UPGRADING to +0 pair of boots.
  1492 | D:2      | 1492 ||| READING 2 scrolls labelled ZISALO ORITA.
  1493 | D:2      | 1493 ||| READING scroll labelled QEOSUACEI.
  1494 | D:2      | 1494 ||| READING scroll labelled LONYBBOPAU.
  1499 | D:2      | 1499 ||| DRINKING 2 fuming green potions.
  1499 | D:2      | Gained mutation: Armour fits poorly on your strangely
                  | shaped body. [potion of mutation]
  1499 | D:2      | Gained mutation: You sometimes lose your temper in combat.
                  | [potion of mutation]
  1499 | D:2      | Lost mutation: You sometimes lose your temper in combat.
                  | [potion of mutation]
  1500 | D:2      | 1500 ||| DRINKING 2 coppery potions.
  1501 | D:2      | 1501 ||| DRINKING 2 smoky brown potions.
  1523 | D:2      | 1523 ||| DROPPING potion of lignification.
  1558 | D:3      | Reached skill level 7 in Ranged Weapons
  1564 | D:3      | Noticed Jessica
  1569 | D:3      | Killed Jessica
  1570 | D:3      | Reached skill level 3 in Dodging
  1570 | D:3      | Reached XP level 4. HP: 24/25 MP: 6/6
  1784 | D:3      | 1784 ||| FLEEEEING.
  1785 | D:3      | 1785 ||| FLEEEEING.
  1787 | D:3      | 1787 ||| FLEEEEING.
  1790 | D:3      | 1790 ||| FLEEEEING.
  1791 | D:3      | 1791 ||| FLEEEEING.
  1792 | D:3      | 1792 ||| FLEEEEING.
  1793 | D:3      | 1793 ||| FLEEEEING.
  1794 | D:3      | 1794 ||| FLEEEEING.
  1795 | D:3      | 1795 ||| FLEEEEING.
  1796 | D:3      | 1796 ||| FLEEEEING.
  1797 | D:3      | 1797 ||| FLEEEEING.
  1798 | D:3      | 1798 ||| FLEEEEING.
  1799 | D:3      | 1799 ||| FLEEEEING.
  1800 | D:3      | 1800 ||| FLEEEEING.
  1801 | D:3      | 1801 ||| FLEEEEING.
  1802 | D:3      | 1802 ||| FLEEEEING.
  1803 | D:3      | 1803 ||| FLEEEEING.
  1804 | D:3      | 1804 ||| FLEEEEING.
  1805 | D:3      | 1805 ||| FLEEEEING.
  1806 | D:3      | 1806 ||| FLEEEEING.
  1807 | D:3      | 1807 ||| FLEEEEING.
  1808 | D:3      | 1808 ||| FLEEEEING.
  1809 | D:3      | 1809 ||| FLEEEEING.
  1810 | D:3      | 1810 ||| FLEEEEING.
  1811 | D:3      | 1811 ||| FLEEEEING.
  1812 | D:3      | 1812 ||| FLEEEEING.
  1813 | D:3      | 1813 ||| FLEEEEING.
  1814 | D:3      | 1814 ||| FLEEEEING.
  1815 | D:3      | 1815 ||| FLEEEEING.
  1816 | D:3      | 1816 ||| FLEEEEING.
  1817 | D:3      | 1817 ||| FLEEEEING.
  1818 | D:3      | 1818 ||| FLEEEEING.
  1819 | D:3      | 1819 ||| FLEEEEING.
  1820 | D:3      | 1820 ||| FLEEEEING.
  1821 | D:3      | 1821 ||| FLEEEEING.
  1822 | D:3      | 1822 ||| FLEEEEING.
  1823 | D:3      | 1823 ||| FLEEEEING.
  1824 | D:3      | 1824 ||| FLEEEEING.
  2032 | D:3      | 2032 ||| UPGRADING to +0 robe of fire resistance.
  2042 | D:3      | 2042 ||| DROPPING +0 leather armour.
  2043 | D:3      | 2043 ||| UPGRADING to +0 scale mail.
  2053 | D:3      | 2053 ||| UPGRADING to +0 ring mail.
  2063 | D:3      | 2063 ||| DROPPING +0 scale mail.
  2064 | D:3      | 2064 ||| READING 2 scrolls labelled AKKIBU KEEM.
  2065 | D:3      | 2065 ||| READING scroll labelled LEMETU WUIRIECS.
  2066 | D:3      | 2066 ||| DRINKING 2 clear potions.
  2067 | D:3      | 2067 ||| READING 2 scrolls of identify.
  2067 | D:3      | 2067 ||| IDENTIFYING murky brown potion
  2068 | D:3      | 2068 ||| DROPPING potion of degeneration.
  2069 | D:3      | 2069 ||| DROPPING scroll of fear.
  2133 | D:4      | Reached XP level 5. HP: 12/29 MP: 7/7
  2137 | D:4      | Reached skill level 8 in Ranged Weapons
  2237 | D:4      | Noticed an ogre
  2247 | D:4      | Demolished by an ogre

Levels and vault maps discovered:
D:1:      amcnicky_arrival_abandoned_market, layout_loops_ring,
          hellmonk_ecumenical_altar_watching_god
D:2:      layout_loops_corners, serial_shops, shop
D:3:      layout_rooms, uniq_jessica
D:4:      layout_cave_pods, vehumet_altar_wand_db, minmay_temple_entry_grid,
          serial_shops, shop, kennysheep_generic_room_14

Skill      XL: |  1  2  3  4  5 |
---------------+----------------+-----
Ranged Weapons | 6 7 8 |  8.3
Dodging        | 3 |  3.3
Fighting       | |  1.5
Stealth        | |  1.2

Action                     |  1- 3 |  4- 6 || total
---------------------------+-------+-------++-------
   Fire: Shortbow          |    57 |    96 ||   153
    Use: Scroll            |     5 |     3 ||     8
         Potion            |     4 |     1 ||     5
 Armour: Leather armour    |     3 |     5 ||     8
         Ring mail         |       |     2 ||     2
  Dodge: Dodged            |    13 |    20 ||    33

Table legend:
 A = Non-vault XP
 B = Vault XP
 C = Vault XP percentage of total XP
 D = Non-vault monster count
 E = Vault monster count
 F = Vault count percentage of total count
                 A         B        C        D         E       F
            +---------+---------+-------+---------+---------+-------
      Total |     204 |      37 |  15.4 |      47 |       1 |   2.1
            +---------+---------+-------+---------+---------+-------
        D:1 |      13 |       0 |   0.0 |       7 |       0 |   0.0
        D:2 |      49 |       0 |   0.0 |      13 |       0 |   0.0
        D:3 |      36 |      37 |  50.7 |      19 |       1 |   5.0
        D:4 |     106 |       0 |   0.0 |       8 |       0 |   0.0
            +---------+---------+-------+---------+---------+-------
